 Dungeon Crawl Stone Soup version 0.22-a0-231-g1b571ea (webtiles) character file.

4762 Amnesiac the Fetichist (level 10, -5/44 HPs)
             Began as a Spriggan Artificer on Feb 20, 2018.
             Was an Initiate of Gozag.
             Slain by an orc warrior
             ... wielding a +0 battleaxe
              (21 damage)
             ... on level 8 of the Dungeon.
             The game lasted 00:42:08 (13079 turns).

Amnesiac the Fetichist (Spriggan Artificer)        Turns: 13079, Time: 00:42:09

Health: -5/44      AC:  8    Str:  8 (11) XL:     10   Next: 23%
Magic:  0/33       EV: 17    Int: 14      God:    Gozag
Gold:   1872       SH:  7    Dex: 16      Spells: 6/9 levels left

rFire    . . .     SeeInvis +   l - +1 dagger (chaos)
rCold    . . .     Gourm    .   j - +2 buckler
rNeg     . . .     Faith    .   a - +1 robe {MR+}
rPois    .         Spirit   +   (helmet restricted)
rElec    .         Reflect  .   A - scarf {Spirit}
rCorr    .         Harm     .   (gloves unavailable)
MR       ++...                  (boots unavailable)
Stlth    ++........             (no amulet)
HPRegen  0.14/turn              t - ring of magical power
MPRegen  0.23/turn              o - +5 ring of protection

@: about to teleport, studying Armour, very quick
A: very small, unfitting armour, see invisible, herbivore, speed 3, slow
metabolism 2
a: Potion Petition, Call Merchant, Bribe Branch, Renounce Religion


You were on level 8 of the Dungeon.
You worshipped Gozag.
Gozag was most pleased with you.
You were full.

You visited 1 branch of the dungeon, and saw 9 of its levels.
You also visited: Bailey.

You collected 1950 gold pieces.
You paid 78 gold pieces to Gozag.

Inventory:

Hand Weapons
 b - a +0 dagger of protection
 l - a +1 dagger of chaos (weapon)
 w - a +0 hunting sling
 C - a +1 short sword of holy wrath
 F - a +0 flail of protection
 G - a +1 short sword of freezing
Missiles
 k - 212 stones (quivered)
 r - 50 poisoned needles
 s - 29 sling bullets
Armour
 a - a +1 robe of magic resistance (worn)
 j - a +2 buckler (worn)
 A - a scarf of spirit shield (worn)
Magical Staves
 d - an uncursed staff of poison
Jewellery
 o - a +5 ring of protection (right hand)
 t - a ring of magical power (left hand)
Wands
 B - a wand of digging (14)
Scrolls
 e - 2 scrolls of amnesia {!r}
 i - 7 scrolls of teleportation {!r}
 q - a scroll of fog {!r}
 v - 4 scrolls of remove curse {!r}
 x - a scroll of magic mapping {!r}
 y - 2 scrolls of enchant armour {!r}
 E - a scroll of acquirement {!r}
 H - a scroll of immolation {!r}
 I - a scroll of brand weapon {!r}
Potions
 c - 3 potions of lignification {!q}
 h - 3 potions of curing {!q}
 p - 3 potions of haste {!q}
 u - 2 potions of might {!q}
 z - 3 potions of flight {!q}
 D - a potion of brilliance {!q}
Books
 g - a manual of Armour
Comestibles
 f - 7 rations


   Skills:
 - Level 0.7 Fighting
 - Level 1.1 Short Blades
 - Level 3.0 Dodging
 - Level 1.5 Stealth
 + Level 18.2 Evocations


You had 6 spell levels left.
You knew the following spells:

 Your Spells              Type           Power        Failure   Level  Hunger
a - Apportation           Tloc           #.....       43%         1    ##.....
b - Summon Small Mammal   Summ           #...         43%         1    ##.....
z - Confusing Touch       Hex            #.....       43%         1    ##.....


Dungeon Overview and Level Annotations

Branches:
Dungeon (9/15)             Temple (0/1) D:7             Orc (0/2) D:9
   Lair: D:8-11

Altars:
Gozag
Sif Muna
Wu Jian
Xom
The Shining One
Beogh

Shops:
D:4 :


Innate Abilities, Weirdness & Mutations

You are very small and have problems with some larger weapons.
You are too small for most types of armour.
You have supernaturally acute eyesight. (SInv)
You are a herbivore.
You cover ground extremely quickly.
You need consume almost no food.


Message History

The two-headed ogre is distracted by your gold.
There is an open door here.
You catch the helpless two-headed ogre completely off-guard!
You puncture the two-headed ogre!
The two-headed ogre shouts in stereo!
The two-headed ogre seems to speed up.
The two-headed ogre is no longer distracted by gold.
The two-headed ogre is lightly wounded.
You block the two-headed ogre's attack. x2
There is an open door here.
The two-headed ogre is distracted by your gold.
The two-headed ogre shouts in stereo!
There is an open door here.
There is an open door here.
There is an escape hatch in the ceiling, spattered with blood here.
A mysterious force pulls you upwards. The hatch slams shut behind you.
There is a stone staircase leading down here.
You start resting.
Magic restored.
You climb downwards.
The orc warrior shouts!
There is a stone staircase leading up here.
The orc shouts!
The orc warrior shouts!
You hear a shout!
You hit the orc but do no damage. The orc barely misses you.
You hit the orc but do no damage. The orc misses you.
You hit the orc warrior. You burn the orc warrior.
The orc warrior is lightly wounded.
You hit the orc warrior but do no damage.
The orc warrior is poisoned.
The orc warrior is lightly wounded.
The orc warrior barely misses you. The orc barely misses you.
The orc hits you with a hand axe of freezing.
The orc freezes you.
There is a stone staircase leading up here.
You climb upwards.
There is a stone staircase leading down here.
No target in view!
You start resting.
HP restored.
You climb downwards.
The orc warrior hits you with a flail! The orc misses you. x2
The orc warrior completely misses you. The orc warrior barely misses you.
There is a stone staircase leading up, spattered with blood here.
You block the orc's attack. x2
You climb upwards.
There is a stone staircase leading down here.
You barely miss the orc. The orc warrior barely misses you.
You block the orc's attack.
The orc warrior hits you with a battleaxe!
You block the orc's attack.
You hit the orc.
The orc seems to slow down.
The orc is heavily wounded.
The orc warrior completely misses you.
The orc warrior hits you with a battleaxe!!
* * * LOW HITPOINT WARNING * * *
The orc closely misses you. You block the orc's attack.
Evoke which item? (* to show all) (? for menu, Esc to quit)
Okay, then.
Really read
i - 8 scrolls of teleportation {!r}?
As you read the scroll of teleportation {!r}, it crumbles to dust.
You feel strangely unstable. The orc warrior completely misses you.
You block the orc's attack.
The orc warrior hits you with a battleaxe!!
You die...
Your body crumbles into a pile of gold.

###.###.##########.#
................##.#
###.###.##.###.###.# #.#
#.##.###.###.###
###.###..............#
............######.#.#
##.##.#.##..# #.#.#
##.##.#.##..######.#.#
...............o@o.#.#########
............####oo.#.........#
##.#...........#.....#######.#
#.#..###.#..........#### #.#
##.#..###.#.............####.#
#..(...##.#..####............#
.......(..............######.#
#..#...##.............# #.#
#..#......#...###...#.# #.#


You could see 2 orc warriors and 2 orcs.

Vanquished Creatures
  3 ogres
  Grinder (D:5)
  Sigmund (D:2)
  3 centaurs (Bailey)
  Duvessa (D:6)
  9 orc warriors
  An ice beast (D:5)
  2 eyes of draining (D:9)
  The ghost of Azzok the Skirmisher, an amateur DEFi of Okawaru (D:3)
  3 bullfrogs
  Blork the orc (D:5)
  A gnoll sergeant (D:7)
  Dowan (D:6)
  2 howler monkeys
  A bullfrog zombie (D:7)
  2 crimson imps
  A centaur zombie (D:6)
  2 orc priests
  2 jellies
  3 orc wizards (D:6)
  3 iguanas
  7 worker ants
  A hound skeleton (D:9)
  9 adders
  8 gnolls
  A shadow imp (D:7)
  A white imp (D:6)
  2 oozes
  An adder zombie (D:6)
  An adder skeleton (D:4)
  3 worms (D:3)
  A dart slug (D:5)
  5 leopard geckos
  45 orcs
  2 ball pythons
  8 bats
  7 giant cockroaches
  8 goblins
  8 hobgoblins
  15 jackals
  10 kobolds
  A quokka (D:4)
  4 frilled lizards
  A jackal skeleton (D:7)
  A jackal zombie (D:5)
  A leopard gecko skeleton (D:7)
  A quokka skeleton (D:7)
  7 rats
203 creatures vanquished.

Vanquished Creatures (collateral kills)
  A two-headed ogre (D:8)
  The ghost of Pawles22 the Skirmisher, a novice GnWn of Cheibriados (D:5)
  An ice beast (D:7)
  An orc warrior (Bailey)
  4 centaurs (Bailey)
  A jelly (D:5)
  A gnoll (D:8)
  8 orcs
  A goblin (D:8)
19 creatures vanquished.

Vanquished Creatures (others)
  2 orc warriors
  A centaur (Bailey)
  A worker ant (D:9)
  2 gnolls
6 creatures vanquished.

Grand Total: 228 creatures vanquished

Notes
Turn   | Place    | Note
-------+----------+-------------------------------------------
     0 | D:1      | Amnesiac the Spriggan Artificer began the quest for the Orb.
     0 | D:1      | Reached XP level 1. HP: 9/9 MP: 4/4
    78 | D:2      | You fall through a shaft!
   109 | D:3      | Noticed Azzok's ghost (amateur DEFi)
   120 | D:3      | Killed Azzok's ghost
   120 | D:3      | Reached skill level 6 in Evocations
   120 | D:3      | Reached XP level 2. HP: 8/14 MP: 5/7
   120 | D:3      | Reached XP level 3. HP: 9/17 MP: 5/8
   120 | D:3      | Reached XP level 4. HP: 12/21 MP: 6/10
   358 | D:4      | Reached skill level 7 in Evocations
   447 | D:4      | Found Feuwawn's Book Shoppe.
  1037 | D:4      | Reached XP level 5. HP: 12/25 MP: 11/11
  1342 | D:5      | Entered Level 5 of the Dungeon
  1369 | D:5      | Learned a level 1 spell: Apportation
  1371 | D:5      | Learned a level 1 spell: Confusing Touch
  1373 | D:5      | Learned a level 1 spell: Summon Small Mammal
  1379 | D:5      | Noticed an ice beast
  1413 | D:5      | Found an opulent altar of Gozag.
  1415 | D:5      | Noticed Pawles22's ghost (novice GnWn)
  1418 | D:5      | Became a worshipper of Gozag Ym Sagoz the Greedy
  1733 | D:2      | Reached skill level 8 in Evocations
  1845 | D:2      | Found a deep blue altar of Sif Muna.
  2729 | D:2      | Found a glowing golden altar of the Shining One.
  2932 | D:2      | Noticed Sigmund
  3414 | D:2      | Killed Sigmund
  3414 | D:2      | Reached skill level 9 in Evocations
  3414 | D:2      | Reached XP level 6. HP: 24/29 MP: 10/14
  3592 | D:3      | Reached skill level 10 in Evocations
  4568 | D:5      | Noticed Blork the orc
  4612 | D:5      | Killed Pawles22's ghost
  4612 | D:5      | Reached skill level 11 in Evocations
  4612 | D:5      | Reached XP level 7. HP: 25/32 MP: 16/16
  4648 | D:5      | Killed Blork the orc
  4931 | D:4      | Killed an ogre
  4931 | D:4      | Reached skill level 12 in Evocations
  4931 | D:4      | Reached XP level 8. HP: 31/37 MP: 18/18
  5064 | D:5      | Noticed Grinder
  5292 | D:5      | Killed Grinder
  5292 | D:5      | Reached skill level 13 in Evocations
  5417 | D:5      | Found an ornate altar of the Wu Jian Council.
  5810 | D:6      | Noticed Dowan
  5872 | D:5      | Reached skill level 14 in Evocations
  5924 | D:6      | Killed Dowan
  5947 | D:6      | Noticed Duvessa
  5992 | D:6      | Killed Duvessa
  6931 | D:6      | Reached XP level 9. HP: 40/40 MP: 21/21
  7099 | D:7      | Reached skill level 15 in Evocations
  7487 | D:7      | Found a staircase to the Ecumenical Temple.
  8373 | D:8      | Noticed a two-headed ogre
  8477 | D:8      | Killed a two-headed ogre
  8477 | D:8      | Reached skill level 16 in Evocations
  8491 | D:8      | Found a flagged portal.
  8769 | Bailey   | Identified a paperback manual
  8769 | Bailey   | Entered a bailey
  9438 | Bailey   | Reached skill level 17 in Evocations
  9732 | Bailey   | Reached XP level 10. HP: 20/44 MP: 23/23
 10644 | D:8      | Reached skill level 18 in Evocations
 10747 | D:8      | Found a shimmering altar of Xom.
 11039 | D:9      | Noticed a two-headed ogre
 11380 | D:9      | Found a roughly hewn altar of Beogh.
 11852 | D:9      | Identified a scroll of acquirement {!r}
 11867 | D:9      | Found a staircase to the Orcish Mines.
 11885 | D:9      | Noticed a sea snake
 11887 | D:9      | Noticed an elephant
 11887 | D:9      | a sea snake changed into an elephant
 11889 | D:9      | Noticed a deep troll
 11889 | D:9      | an elephant changed into a deep troll
 11906 | D:8      | Noticed a moth of wrath
 11906 | D:8      | a snapping turtle changed into a moth of wrath
 11921 | D:8      | Noticed a death drake
 11932 | D:8      | Noticed a shining eye
 11948 | D:8      | Noticed a lindwurm
 11960 | D:8      | Noticed a swamp dragon
 11974 | D:8      | Noticed a moth of wrath
 11986 | D:8      | a moth of wrath changed into a swamp worm
 11988 | D:8      | Noticed a shock serpent
 11988 | D:8      | a swamp worm changed into a shock serpent
 12027 | D:8      | Noticed a salamander
 12288 | D:8      | Noticed a death drake
 12288 | D:8      | a salamander changed into a death drake
 12521 | D:8      | Noticed a shining eye
 12527 | D:8      | Noticed an entropy weaver
 12540 | D:7      | Noticed a satyr
 12540 | D:7      | an entropy weaver changed into a satyr
 12542 | D:7      | Noticed an alligator
 12542 | D:7      | a satyr changed into an alligator
 12551 | D:7      | Noticed an ice dragon
 12551 | D:7      | an alligator changed into an ice dragon
 12869 | D:9      | Noticed a two-headed ogre
 13079 | D:8      | Slain by an orc warrior

Vault maps used:
D:1:      onia_arrival_handbag
D:2:      nicolae_tso_carved_into_rock, lemuel_round_altar, uniq_sigmund
D:4:      serial_shops, nicolae_shop_trees, first_ration
D:5:      marbit_many_paths, basic_altar, uniq_grinder, uniq_blork_the_orc
D:6:      minmay_fire_ice_demons, uniq_duvessa
D:7:      minmay_temple_entry_fiery
D:8:      tgw_xom, enter_bailey_3
D:9:      david_orc_5, david_nohive_1
Bailey:   bailey_polearm_flooded_kennysheep, bailey

Skill      XL: |  1  2  3  4  5  6  7  8  9 10 |
---------------+-------------------------------+-----
Evocations     | 6 7 9 11 12 14 17 18 | 18.2
Fighting       | |  0.7
Short Blades   | |  1.1
Dodging        | |  3.0
Stealth        | |  1.5

Action                   |  1- 3 |  4- 6 |  7- 9 | 10-12 || total
-------------------------+-------+-------+-------+-------++-------
Melee: Short sword       |     8 |     4 |       |       ||    12
       Flail             |       |   352 |   209 |       ||   561
       Dagger            |       |       |   250 |   253 ||   503
       Unarmed           |       |       |    82 |    18 ||   100
 Fire: Hunting sling     |       |    78 |       |       ||    78
 Cast: Summon Small Mamm |       |       |    35 |     3 ||    38
       Confusing Touch   |       |       |    53 |    10 ||    63
Evoke: Wand              |     6 |    26 |    14 |     6 ||    52
  Use: Potion            |       |       |     6 |       ||     6
       Scroll            |       |       |       |    16 ||    16
 Stab: Sleeping          |       |     8 |     2 |       ||    10
       Distracted        |       |     1 |     1 |     1 ||     3
       Confused          |       |       |    23 |     5 ||    28
       Paralysed         |       |       |       |     3 ||     3
       Betrayed ally     |       |       |       |     1 ||     1
  Eat: Ration            |       |     1 |     7 |     4 ||    12
Armor: Robe              |       |   110 |   123 |    43 ||   276
       Skin              |       |       |     8 |       ||     8
Dodge: Dodged            |     7 |   476 |   471 |   255 ||  1209
Block: Buckler           |       |       |       |    15 ||    15

Table legend:
 A = Spawn XP
 B = Non-spawn XP
 C = Spawn XP percentage of total XP
 D = Spawn monster count
 E = Non-spawn monster count
 F = Spawn count percentage of total count
 G = Total turns spent on level
                    A         B        C        D         E        F      G
               +---------+---------+-------+---------+---------+-------+---------
         Total |       0 |    6804 |   0.0 |       0 |     223 |   0.0 | 13079
               +---------+---------+-------+---------+---------+-------+---------
           D:1 |       0 |      39 |   0.0 |       0 |      24 |   0.0 |   776
           D:2 |       0 |     308 |   0.0 |       0 |      22 |   0.0 |  1017
           D:3 |       0 |     174 |   0.0 |       0 |      24 |   0.0 |   792
           D:4 |       0 |     465 |   0.0 |       0 |      19 |   0.0 |  1868
           D:5 |       0 |     918 |   0.0 |       0 |      16 |   0.0 |  1248
           D:6 |       0 |     866 |   0.0 |       0 |      18 |   0.0 |  1199
           D:7 |       0 |     639 |   0.0 |       0 |      20 |   0.0 |  1827
           D:8 |       0 |     731 |   0.0 |       0 |      23 |   0.0 |  2336
           D:9 |       0 |     476 |   0.0 |       0 |      20 |   0.0 |   598
        Bailey |       0 |    2188 |   0.0 |       0 |      37 |   0.0 |  1418
               +---------+---------+-------+---------+---------+-------+---------
